 Dungeon Crawl Stone Soup version 0.31-a0-672-g7da72447bb (webtiles) character file.

Game seed: 2208138078071174246

1177 pokeman the Thaumaturge (level 8, -3/44 HPs)
             Began as a Deep Elf Hedge Wizard on Sept 4, 2023.
             Succumbed to a water moccasin's poison
             ... on level 5 of the Dungeon.
             The game lasted 00:08:12 (4367 turns).

pokeman the Thaumaturge (Deep Elf Hedge Wizard)     Turns: 4367, Time: 00:08:12

Health: -3/44      AC:  3    Str:  7    XL:     8   Next: 18%
Magic:  15/23      EV: 13    Int: 22    God:
Gold:   259        SH:  0    Dex: 14    Spells: 9/25 levels left

rFire   . . .        e - +1 whip (elec)
rCold   . . .        (no shield)
rNeg    + . .        b - +0 robe
rPois   .            h - +0 helmet
rElec   .            (no cloak)
rCorr   .            (no gloves)
SInv    .            (no boots)
Will    .....        (no amulet)
Stlth   ++           g - ring of positive energy
HPRegen 0.27/turn    (no ring)
MPRegen 0.18/turn

%: no passive effects
@: mighty, lethally poisoned (-3 -> -29), on blink cooldown, very slightly
contaminated
A: no striking features
a: no special abilities


You were on level 5 of the Dungeon.
You visited 1 branch of the dungeon, and saw 5 of its levels.

You collected 259 gold pieces.

Inventory:

Hand Weapons
 e - a +1 whip of electrocution (weapon)
 u - the +3 hand axe of Gemeloff {distort, rPois Will+ Dex+3 SInv}
   (You found it on level 5 of the Dungeon)

   Dex+3:     It affects your dexterity (+3).
   rPois:     It protects you from poison Will+: It increases your willpower.
   SInv:      It lets you see invisible.
Missiles
 t - 2 throwing nets
Armour
 b - a +0 robe (worn)
 h - a +0 helmet (worn)
Jewellery
 f - an amulet of guardian spirit
 g - a ring of positive energy (left hand)
Wands
 p - a wand of polymorph (9)
Scrolls
 c - a scroll of revelation {unknown}
 j - 2 scrolls of noise {unknown}
 k - 2 scrolls of fear {unknown}
 n - 3 scrolls of identify {unknown}
 q - a scroll of immolation {unknown}
 w - a scroll of teleportation {unknown}
Potions
 d - a potion of magic
 i - 2 potions of brilliance {unknown}
 l - a potion of mutation {unknown}
 m - a potion of lignification {unknown}
 o - a potion of ambrosia {unknown}
 r - 2 potions of resistance {unknown}
 v - a potion of degeneration {unknown}


   Skills:
 - Level 2.1 Fighting
 + Level 1.1 Armour
 - Level 3.2 Dodging
 - Level 3.0 Stealth
 - Level 1.2 Shields
 * Level 9.1 Spellcasting
 + Level 4.7 Conjurations
 - Level 1.1 Summonings
 - Level 1.1 Translocations
 + Level 3.3 Fire Magic
 - Level 1.0 Air Magic
 - Level 1.0 Earth Magic
 - Level 1.0 Poison Magic
 - Level 1.0 Evocations


You had 9 spell levels left.
You knew the following spells:

 Your Spells              Type           Power      Damage    Failure   Level
a - Magic Dart            Conj           100%       1d8       1%          1
b - Mephitic Cloud        Conj/Pois/Air  19%        N/A       8%          3
c - Call Imp              Summ           28%        N/A       6%          2
d - Blink                 Tloc           28%        N/A       6%          2
e - Foxfire               Conj/Fire      100%       2x1d9     1%          1
f - Stone Arrow           Conj/Erth      44%        3d9       6%          3
g - Iskenderun's Mystic   Conj/Tloc      22%        2d6       21%         4

Your spell library contained the following spells:

 Spells                   Type           Power      Damage    Failure   Level
 Sandblast                Erth           28%        2d8       4%          1
 Freeze                   Ice            40%        1d6       7%          1
 Necrotise                Necr           40%        1d6       7%          1
 Slow                     Hex            40%        N/A       7%          1
 Cigotuvi's Dreadful Rot  Necr/Pois/Air  26%        N/A       8%          2
 Hailstorm                Conj/Ice       20%        3d6       8%          3
 Volatile Blastmotes      Fire/Tloc      38%        2d13      8%          3
 Passwall                 Tmut/Erth      10%        N/A       9%          2
 Frozen Ramparts          Ice            20%        1d4       21%         3
 Vampiric Draining        Necr           10%        2d6       21%         3
 Fulminant Prism          Conj/Hex       10%        3d8       26%         4
 Agony                    Necr           10%        N/A       88%         5
 Starburst                Conj/Fire      13%        6d6       88%         6
 Plasma Beam              Fire/Air       9%         2x1d20    99%         6


Dungeon Overview and Level Annotations

Branches:
Dungeon (5/15)
 Temple: D:4-7

Altars:
Okawaru
Sif Muna

Shops:
D:5 :


Message History

Casting: Foxfire (safe; 1% risk of failure)
Confirm with . or Enter, or press ? or * to list all spells.
You conjure some foxfire!
You feel sick.
The foxfire hits the water moccasin but does no damage.
The water moccasin is severely wounded.
The foxfire hits the water moccasin.
The water moccasin is severely wounded.
The water moccasin misses you.
Casting: Foxfire (safe; 1% risk of failure)
Confirm with . or Enter, or press ? or * to list all spells.
You conjure some foxfire!
You feel sick.
The foxfire hits the worm.
The worm is moderately wounded.
The foxfire hits the worm.
The worm is heavily wounded.
The water moccasin bites you. x2
You are lethally poisoned!
The water moccasin poisons you!
Casting: Foxfire (safe; 1% risk of failure)
Confirm with . or Enter, or press ? or * to list all spells.
You conjure some foxfire!
* * * LOW HITPOINT WARNING * * *
You feel very sick.
The foxfire hits the worm.
The worm is severely wounded.
The foxfire hits the water moccasin.
The water moccasin is almost dead.
The water moccasin bites you.
* * * LOW HITPOINT WARNING * * *
You are more poisoned.
The water moccasin poisons you!
Casting: Foxfire (safe; 1% risk of failure)
Confirm with . or Enter, or press ? or * to list all spells.
You blink.
* * * LOW HITPOINT WARNING * * *
You feel extremely sick.
The foxfire hits the worm.
The worm is almost dead.
It was a potion of might.
You feel very mighty all of a sudden.
You die...

...##..##.# ##.#
........#<###..##
..........[#....##
..........)).....#
................##
....##....∩.....##
##.. #...........##
##.###............#
...#....##......@###
......#####....#...#
##....#####...##.###
.....##.#.....(...#
......#...wS.#..###
.......##†§§#####
........[.v§.#
......#†....##
...#..##.##.#


You could see a water moccasin and a worm.

Vanquished Creatures
  4 yaks (D:5)
  A black bear (D:5)
  A phantom (D:4)
  A wight (D:4)
  A howler monkey (D:5)
  A hound (D:5)
  2 jellies
  A sleepcap (D:4)
  2 iguanas
  Ijyb (D:4)
  An orc wizard (D:5)
  3 adders
  A white imp (D:5)
  3 worms
  3 dart slugs
  8 orcs
  7 ball pythons
  4 endoplasms
  3 goblins
  9 hobgoblins
  5 quokkas
  7 bats
  5 frilled lizards
  3 kobolds
  6 rats
83 creatures vanquished.

Vanquished Creatures (collateral kills)
  6 foxfires (D:4)
6 creatures vanquished.

Vanquished Creatures (others)
  225 foxfires
225 creatures vanquished.

Grand Total: 314 creatures vanquished

Notes
Turn   | Place    | Note
-------+----------+-------------------------------------------
     0 | D:1      | pokeman the Deep Elf Hedge Wizard began the quest for the
                  | Orb.
     0 | D:1      | Reached XP level 1. HP: 10/10 MP: 7/7
   606 | D:1      | Reached XP level 2. HP: 13/15 MP: 6/9
  1343 | D:2      | Reached skill level 5 in Spellcasting
  1343 | D:2      | Reached XP level 3. HP: 20/20 MP: 4/11
  1347 | D:2      | Learned a level 3 spell: Mephitic Cloud
  1350 | D:2      | Learned a level 2 spell: Call Imp
  1353 | D:2      | Learned a level 2 spell: Blink
  1802 | D:2      | Reached skill level 1 in Fighting
  1803 | D:2      | Found a faded altar of an unknown god.
  2011 | D:3      | Found a shimmering blue altar of Sif Muna.
  2022 | D:3      | Reached skill level 1 in Armour
  2022 | D:3      | Reached XP level 4. HP: 25/25 MP: 1/13
  2557 | D:3      | Learned a level 1 spell: Foxfire
  2628 | D:3      | Reached skill level 6 in Spellcasting
  2713 | D:3      | Reached XP level 5. HP: 29/29 MP: 10/15
  2915 | D:4      | Noticed Ijyb
  2967 | D:4      | Killed Ijyb
  2970 | D:4      | Found an iron altar of Okawaru.
  3020 | D:4      | Noticed a phantom
  3027 | D:4      | Killed a phantom
  3028 | D:4      | Reached skill level 1 in Evocations
  3087 | D:4      | Learned a level 3 spell: Stone Arrow
  3094 | D:4      | Learned a level 4 spell: Iskenderun's Mystic Blast
  3172 | D:4      | Reached XP level 6. HP: 33/34 MP: 6/17
  3614 | D:5      | Entered Level 5 of the Dungeon
  3614 | D:5      | Found Laveem's Book Shoppe.
  3636 | D:5      | Reached skill level 1 in Poison Magic
  3834 | D:5      | Identified the +3 hand axe of Gemeloff {distort, rPois
                  | Will+ Dex+3 SInv}
  3865 | D:5      | Reached skill level 7 in Spellcasting
  3865 | D:5      | Reached skill level 1 in Fire Magic
  3865 | D:5      | Reached skill level 1 in Air Magic
  3865 | D:5      | Reached skill level 1 in Earth Magic
  4053 | D:5      | Reached XP level 7. HP: 38/38 MP: 13/19
  4165 | D:5      | Noticed a yak
  4166 | D:5      | Noticed a yak
  4166 | D:5      | Noticed a yak
  4166 | D:5      | Noticed a yak
  4213 | D:5      | Killed a yak
  4214 | D:5      | Reached skill level 1 in Shields
  4224 | D:5      | Killed a yak
  4225 | D:5      | Reached skill level 8 in Spellcasting
  4226 | D:5      | Killed a yak
  4228 | D:5      | Killed a yak
  4229 | D:5      | Reached skill level 9 in Spellcasting
  4229 | D:5      | Reached XP level 8. HP: 26/44 MP: 1/23
  4366 | D:5      | HP: 2/44 [poisoned by a water moccasin]
  4367 | D:5      | Succumbed to a water moccasin's poison

Illustrated notes

Levels and vault maps discovered:
D:1:      dpeg_arrival_pits, layout_basic, fountainhead, nrook_loot_triangle
D:2:      minmay_inner_zag, layout_basic, shapermc_ecumenical_altar_flowoftime,
          minmay_pentomino_r2
D:3:      layout_rooms, lemuel_crystal_altar, grunt_ministairs_10
D:4:      layout_rooms, okawaru_gym_becter, serial_bayou, serial_bayou_pond_c,
          serial_bayou_pond_b, serial_bayou_ford_a, serial_bayou_shore_b,
          uniq_ijyb
D:5:      layout_cave_pools, serial_shops, shop

Skill      XL: |  1  2  3  4  5  6  7 |
---------------+----------------------+-----
Spellcasting   | 5 6 7 9 |  9.1
Fighting       | 1 2 |  2.1
Conjurations   | 2 3 4 |  4.7
Armour         | 1 |  1.1
Stealth        | 3 |  3.0
Dodging        | 3 |  3.2
Evocations     | 1 |  1.0
Poison Magic   | 1 |  1.0
Fire Magic     | 1 3 |  3.3
Air Magic      | 1 |  1.0
Earth Magic    | 1 |  1.0
Shields        | 1 |  1.2
Summonings     | |  1.1
Translocations | |  1.1

Action                     |  1- 3 |  4- 6 |  7- 9 || total
---------------------------+-------+-------+-------++-------
  Melee: Whip              |    29 |    23 |    10 ||    62
         Punch             |     1 |       |       ||     1
         Unarmed           |       |     7 |       ||     7
   Cast: Magic Dart        |    77 |    39 |       ||   116
         Mephitic Cloud    |     2 |     2 |     5 ||     9
         Foxfire           |       |   101 |    24 ||   125
         Blink             |       |       |     1 ||     1
    Use: Potion            |       |       |     1 ||     1
   Stab: Confused          |       |     3 |     1 ||     4
 Armour: Robe              |    10 |    25 |    10 ||    45
  Dodge: Dodged            |    11 |    38 |    11 ||    60

Table legend: (Time is in decaauts)
 A = Elapsed time spent in this place.
 B = Non-inter-level travel time spent in this place.
 C = Inter-level travel time spent in this place.
 D = Time resting spent in this place.
 E = Time spent auto-exploring this place.
 F = Levels seen in this place.
 G = Mean time per level.
                   A        B        C        D        E       F      G
               +--------+--------+--------+--------+--------+-----+--------+
         Total |   4389 |   4300 |     89 |    189 |   3449 |   5 |  877.8 |
       Dungeon |   4389 |   4300 |     89 |    189 |   3449 |   5 |  877.8 |
               +--------+--------+--------+--------+--------+-----+--------+

Top non-repeatable levels by time:
     D:2: 1103 daAuts
     D:1: 904 daAuts
     D:4: 885 daAuts
     D:3: 862 daAuts
     D:5: 633 daAuts
